 Dungeon Crawl Stone Soup version 0.28-a0-706-gf6f64a616a (webtiles) character file.

Game seed: 8927238415138985514

21 KoroneIsBestGirl the Chiller (level 2, 0/19 HPs)
             Began as a Barachi Ice Elementalist on Oct 24, 2021.
             Was a Follower of Elyvilon.
             Shot with a sling bullet by a goblin (4 damage)
             ... on level 2 of the Dungeon.
             The game lasted 00:01:55 (2109 turns).

KoroneIsBestGirl the Chiller (BaIE)                 Turns: 2109, Time: 00:01:56

Health: 0/19       AC:  3    Str:  9    XL:     2   Next: 87%
Magic:  5/5        EV:  9    Int: 15    God:    Elyvilon [*.....]
Gold:   56         SH:  0    Dex: 12    Spells: 5/6 levels left

rFire   . . .      SeeInvis +   h - +0 dagger (elec)
rCold   . . .      Faith    .   (no shield)
rNeg    . . .      Spirit   .   a - +0 robe
rPois   .          Reflect  .   (no helmet)
rElec   .          Harm     .   (no cloak)
rCorr   .          Rampage  .   (no gloves)
Will    .....                   i - +0 pair of boots
Stlth   ++........              (no amulet)
HPRegen 0.06/turn               b - ring of see invisible
MPRegen 0.09/turn               (no ring)

@: constricted, slow
A: amphibious, slowness 1, strong legs 1, +LOS
a: Hop, Renounce Religion, Lesser Healing, Divine Protection


You were on level 2 of the Dungeon.
You worshipped Elyvilon.
Elyvilon was aware of your devotion.
You visited 1 branch of the dungeon, and saw 2 of its levels.

You collected 56 gold pieces.

Inventory:

Hand Weapons
 h - a +0 dagger of electrocution (weapon)
Armour
 a - a +0 robe (worn)
 i - a +0 pair of boots (worn)
Jewellery
 b - a ring of see invisible (left hand)
Scrolls
 d - 2 scrolls of teleportation
 e - a scroll of holy word
 f - a scroll of identify
Potions
 g - a potion of heal wounds {unknown}


   Skills:
 + Level 2.7 Dodging
 - Level 1.7 Stealth
 + Level 2.6 Spellcasting
 + Level 5.1 Ice Magic


You had 5 spell levels left.
You knew the following spells:

 Your Spells              Type           Power      Damage    Failure   Level
a - Freeze                Ice            68%        1d8       2%          1

Your spell library contained the following spells:

 Spells                   Type           Power      Damage    Failure   Level
 Frozen Ramparts          Ice            34%        1d5       8%          3
 Ozocubu's Armour         Ice            17%        N/A       8%          3
 Hailstorm                Conj/Ice       9%         3d4       56%         4
 Conjure Ball Lightning   Conj/Air       0%         3x3d6     100%        6
 Discord                  Hex            0%         N/A       100%        8
 Disjunction              Tloc           0%         N/A       100%        8


Dungeon Overview and Level Annotations

Branches:
Dungeon (2/15)

Altars:
Elyvilon
Xom

Shops:
D:1 *


Innate Abilities, Weirdness & Mutations

You are amphibious.
You cover ground slowly.
You can hop short distances.
You have an extended range of vision and can be seen from far away.


Message History

The bush is almost destroyed.
You hit the bush but do no damage.
The bush is almost destroyed.
You hit the bush but do no damage. Lightning courses through the bush!
You destroy the bush!
There is a shaft here.
There is a stone staircase leading down here.
There is a stone staircase leading down here.
You climb downwards.
The goblin shouts!
The ball python hisses angrily.
Found a shimmering altar of Xom.
There is a stone staircase leading up here.
A rat comes into view.
The goblin unwields a +0 club.
The goblin wields a +0 hunting sling.
The goblin shoots a sling bullet.
The sling bullet hits you.
A hobgoblin comes into view.
The hobgoblin shouts!
You hear a bark!
A jackal comes into view.
The goblin shoots a sling bullet.
The sling bullet hits you but does no damage.
The jackal moves out of view.
The goblin shoots a sling bullet.
The sling bullet hits you!
A jackal comes into view. x2
The ball python barely misses you. The ball python misses you.
The goblin shoots a sling bullet.
The sling bullet closely misses you.
There is a stone staircase leading up here.
Casting: Freeze (safe; 2% risk of failure)
Confirm with . or Enter, or press ? or * to list all spells.
You don't know that spell.
Unknown command.
The jackal barks!
You hear a bark!
The ball python bites you. The ball python grabs you.
You stop ascending the stairs.
The ball python constricts you.
The goblin shoots a sling bullet.
The sling bullet hits you.
* * * LOW HITPOINT WARNING * * *
Unknown command.
The ball python's grasp on you weakens, but your attempt to escape fails.
The ball python barely misses you. The ball python constricts you.
The goblin shoots a sling bullet.
The sling bullet hits you.
You die...

########
#.@S.r.#####.
#.#..........
#......g..h..##.
#.##.#.._.g..# #
#.#..w...#...
#.#..........
#..........#.
#..######### #..


You could see a worm, a jackal, a hobgoblin, a goblin, a ball python and a rat.

Vanquished Creatures
  2 dart slugs (D:1)
  A bat (D:1)
  3 endoplasms (D:1)
  3 goblins (D:1)
  2 kobolds (D:1)
  4 ball pythons (D:1)
  A frilled lizard (D:1)
  2 rats (D:1)
  5 bushes (D:1)
23 creatures vanquished.

Vanquished Creatures (others)
  A plant (D:1)
1 creature vanquished.

Grand Total: 24 creatures vanquished

Notes
Turn   | Place    | Note
-------+----------+-------------------------------------------
     0 | D:1      | KoroneIsBestGirl the Barachi Ice Elementalist began the
                  | quest for the Orb.
     0 | D:1      | Reached XP level 1. HP: 13/13 MP: 3/3
     6 | D:1      | Found Ettug's Assorted Antiques.
   268 | D:1      | Found a faded altar of an unknown god.
   293 | D:1      | Prayed at the altar of an unknown god.
   293 | D:1      | Became a worshipper of Elyvilon the Healer
   293 | D:1      | Reached * piety under Elyvilon
   351 | D:1      | Reached skill level 5 in Ice Magic
   555 | D:1      | Reached XP level 2. HP: 19/19 MP: 3/5
  2102 | D:2      | Found a shimmering altar of Xom.
  2109 | D:2      | Shot with a sling bullet by a goblin

Illustrated notes

Levels and vault maps discovered:
D:1:      amcnicky_arrival_choice, layout_loops_ring,
          shapermc_ecumenical_altar_mp_urbaneastern, serial_forest,
          infiniplex_forest_lined_room_3, infiniplex_forest_diagonal,
          infiniplex_forest_lined_2, infiniplex_forest_end_2,
          infiniplex_forest_straight_2, infiniplex_forest_straight_3,
          serial_shops, shop, minmay_misc_feat_ornament, nrook_campfire,
          serial_bayou_crossing
D:2:      layout_loops_ring, basic_altar, dk_noncrumbling_2, uniq_sigmund,
          uniq_crazy_yiuf_cottage

Skill      XL: |  1 |
---------------+----+-----
Ice Magic      | 5 |  5.1
Dodging        | |  2.7
Stealth        | |  1.7
Spellcasting   | |  2.6

Action                   || total
-------------------------++-------
Melee: Unarmed           ||    10
       Dagger            ||   155
       Hand axe          ||    14
       Short sword       ||    11
 Cast: Freeze            ||     8
  Use: Scroll            ||     2
 Stab: Sleeping          ||     2
Armor: Robe              ||     9
Dodge: Dodged            ||    37

Table legend: (Time is in decaauts)
 A = Elapsed time spent in this place.
 B = Non-inter-level travel time spent in this place.
 C = Inter-level travel time spent in this place.
 D = Time resting spent in this place.
 E = Time spent auto-exploring this place.
 F = Levels seen in this place.
 G = Mean time per level.
                   A        B        C        D        E       F      G
               +--------+--------+--------+--------+--------+-----+--------+
         Total |   2296 |   2120 |    176 |      0 |   1765 |   2 | 1148.0 |
       Dungeon |   2296 |   2120 |    176 |      0 |   1765 |   2 | 1148.0 |
               +--------+--------+--------+--------+--------+-----+--------+

Top non-repeatable levels by time:
     D:1: 2288 daAuts
     D:2: 7 daAuts
